 Dungeon Crawl Stone Soup version 0.19.1-1-g22dce08 (webtiles) character file.

239536 Gargoyl the Peltast (level 19, -3/165 HPs)
             Began as a Ghoul Abyssal Knight on Jan 11, 2017.
             Was the Champion of Lugonu.
             Slain by an earth elemental (19 damage)
             ... summoned by a deep elf elementalist
             ... on level 3 of the Elven Halls.
             The game lasted 01:53:21 (36313 turns).

Gargoyl the Peltast (Ghoul Abyssal Knight)         Turns: 36313, Time: 01:53:22

Health: -3/165     AC: 27    Str: 26    XL:     19   Next: 75%
Magic:  28/30      EV: 10    Int:  4    God:    Lugonu [******]
Gold:   2130       SH: 24    Dex: 17    Spells: 0 memorised, 18 levels left

rFire  + . .     SeeInvis .     d - +6 long sword (elec)
rCold  + + .     Gourm    .     M - +5 scale mail of Unuysad {rC+ rN+ Int-3}
rNeg   + + +     Faith    .     v - +5 shield of the Clam {rF+ Regen+}
rPois  ∞         Spirit   .     H - +0 helmet "Belus" {+Fly Str+4 Dex+4}
rElec  .         Reflect  +     i - +2 cloak
rCorr  .         Harm     .     u - +2 pair of gloves
MR     +....                    b - +0 pair of boots
Stlth  ..........               T - +4 amulet of reflection
                                P - +2 ring of protection
                                n - +3 ring of dexterity

@: rotting
A: rotting body, claws 1, carnivore 3, cold resistance 1, negative energy
resistance 3, slow regeneration 1, torment resistance, unbreathing
a: Depart the Abyss, Bend Space, Banish, Corrupt, Enter the Abyss, Brand Weapon
With Distortion, Renounce Religion, Evoke Flight
}: 1/15 runes: serpentine


You were on level 3 of the Elven Halls.
You worshipped Lugonu.
Lugonu was exalted by your worship.
You were not hungry.

You visited 6 branches of the dungeon, and saw 31 of its levels.
You visited the Abyss 2 times.

You collected 3280 gold pieces.
You spent 1150 gold pieces at shops.

Inventory:

Hand Weapons
 d - a +6 long sword of electrocution (weapon)
 r - a +5 war axe
 t - a +0 broad axe of flaming
 y - a +2 vampiric long sword
 J - a +1 scimitar of flaming
 L - the +6 trident of Immorality {freeze, rN+ Stlth+}
   (You found it on level 4 of the Lair of Beasts)

   It has been specially enchanted to freeze those struck by it, causing extra
   injury to most foes and up to half again as much damage against particularly
   susceptible opponents.
   It can also slow down cold-blooded creatures.
   It protects you from negative energy.
   It makes you more stealthy.
Missiles
 W - 4 javelins (quivered)
Armour
 b - a +0 pair of boots (worn)
 i - a +2 cloak (worn)
 u - a +2 pair of gloves (worn)
 v - the +5 shield of the Clam (worn) {rF+ Regen+}
   (You bought it in a shop on level 12 of the Dungeon)

   It protects you from fire.
   It increases your rate of regeneration.
 H - the +0 helmet "Belus" (worn) {+Fly Str+4 Dex+4}
   (You found it on level 2 of the Lair of Beasts)

   It affects your strength (+4).
   It affects your dexterity (+4).
   It lets you fly.
 M - the +5 scale mail of Unuysad (worn) {rC+ rN+ Int-3}
   (You acquired it on level 6 of the Lair of Beasts)

   It affects your intelligence (-3).
   It protects you from cold.
   It protects you from negative energy.
Jewellery
 n - a +3 ring of dexterity (left hand)
 E - an uncursed ring of magical power
 K - an uncursed amulet of regeneration
 N - an uncursed ring of flight
 P - a +2 ring of protection (right hand)
 T - a +4 amulet of reflection (around neck)
 U - an uncursed ring of protection from cold
Wands
 e - a wand of iceblast (10/15)
 g - a wand of teleportation (6/9)
 m - a wand of hasting (5/9)
 q - a wand of digging (10/24)
 w - a wand of hasting (0/9)
 C - a wand of hasting (3/9)
 D - a wand of flame (37/48)
 I - a wand of heal wounds (6/9)
Scrolls
 f - 2 scrolls of fog
 j - a scroll of enchant armour
 o - 2 scrolls of summoning
 p - 5 scrolls of magic mapping
 s - 3 scrolls of fear
 x - 8 scrolls of remove curse
 B - 6 scrolls of recharging
 F - a scroll of blinking
 G - 2 scrolls of teleportation
Potions
 a - 3 potions of brilliance
 h - a potion of haste
 k - 6 potions of curing
 z - a potion of resistance
 A - 3 potions of might
 R - 2 potions of agility
 V - a potion of ambrosia
Comestibles
 c - 12 meat rations
 l - 2 beef jerkies
 O - a chunk of flesh


   Skills:
 + Level 13.4 Fighting
 + Level 14.5 Long Blades
 + Level 1.7(1.8) Axes
   Level 0.1(1.0) Maces & Flails
 + Level 1.1 Throwing
 * Level 15.3 Armour
 - Level 0.8 Dodging
 + Level 16.2 Shields
 * Level 16.1 Invocations
 + Level 0.1 Evocations


You had 18 spell levels left.
You didn't know any spells.

Dungeon Overview and Level Annotations

Branches:
Dungeon (15/15)            Temple (0/1) D:4            Lair (6/6) D:9
 Shoals (0/4) Lair:2        Snake (4/4) Lair:3        Slime (0/5) Lair:6
    Orc (2/2) D:12            Elf (3/3) Orc:2        Vaults (1/5) D:13
 Depths: D:15

Altars:
Gozag
Makhleb
Okawaru
Uskayaw
Yredelemnul
Beogh

Shops:
D:4 ?   D:11 =   D:12 *   Orc:2 (:[*   Snake:3 (   Snake:4 =

Annotations:
D:3 1 exclusion


Innate Abilities, Weirdness & Mutations

Your body is rotting away.
You thrive on raw meat.
You are immune to poison.
You have sharp fingernails.
You are carnivorous and can eat meat at any time.
Your flesh is cold resistant. (rC+)
You are immune to negative energy. (rN+++)
You regenerate slowly when monsters are visible.
You are immune to unholy pain and torment.
You can survive without breathing.


Message History

The deep elf blademaster hits you but does no damage.
You block the deep elf blademaster's attack.
You hear a shout! x4
Zapping:
I - a wand of heal wounds (7/9)
Press: ? - help, Shift-Dir - straight line, f - you You feel much better.
This wand has 6 charges left.
You block the deep elf blademaster's attack. x2
The deep elf sorcerer wildly gestures.
The deep elf sorcerer's hands start to glow.
The deep elf sorcerer mumbles some strange words.
The deep elf annihilator gestures wildly while chanting.
The deep elf annihilator blinks!
The earth elemental hits you!
* * * LOW HITPOINT WARNING * * *
The earth elemental hits you.
* * * LOW HITPOINT WARNING * * *
The earth elemental closely misses you.
You riposte.
You slice the earth elemental!!
The earth elemental is almost destroyed.
The earth elemental hits you!!
You die...

'## #.#
.## #'##
..##
#..###
..<#
#....###
...+
+......#
...#
#....###
..##
#...#####
.##
###.EEEE#
## #.e@EE#
# ##e##E#
#eeE###
##e.e##
##.e.##
##e..#
#.4.##
....ee.e##
.....ee##


You could see a deep elf blademaster, 2 deep elf annihilators, 2 deep elf
sorcerers and 7 earth elementals.

Vanquished Creatures
  Saint Roka (Snake:2)
  Vashnia (Snake:3)
  A deep elf blademaster (Elf:2)
  Frances (Snake:2)
  Gastronok (Lair:2)
  Agnes (Snake:2)
  Roxanne (Snake:3)
  11 nagarajas
  Louise (Snake:1)
  2 orc warlords (Orc:1)
  An ironheart preserver (Vaults:1)
  A deep elf elementalist (Elf:1)
  4 deep elf demonologists (Elf:3)
  A dire elephant (Lair:6)
  Azrael (Elf:1)
  Snorg (Orc:1)
  The ghost of Aziraphale the Severer, a journeyman MiFi of Okawaru (Snake:1)
  4 hydras
  A rakshasa (D:14)
  3 catoblepae
  15 naga warriors
  Erica (Lair:1)
  Fannar (D:12)
  An ogre mage (D:14)
  A death knight (D:15)
  21 anacondas
  2 centaur warriors
  A tengu warrior (D:15)
  34 dancing weapons
  A deep troll earth mage (Vaults:1)
  A deep troll shaman (Lair:5)
  5 orc high priests
  6 death yaks (Lair:6)
  4 naga sharpshooters
  10 deep elf knights
  A skeletal warrior (D:15)
  4 salamander mystics
  2 unseen horrors
  5 sea snakes (Snake:3)
  2 deep trolls (Vaults:1)
  10 hill giants
  6 deep elf archers
  7 naga ritualists
  6 orc knights
  A wizard (D:15)
  13 mana vipers
  12 salamanders
  36 deep elf magi
  18 ugly things
  5 orc sorcerers (Orc:2)
  2 cyclopes
  2 manticores
  6 elephants
  4 centaur zombies
  11 guardian serpents
  An elephant (shapeshifter) (Elf:1)
  43 black mambas
  4 centaur skeletons
  20 naga magi
  4 gargoyles
  12 spiny frogs
  A kobold demonologist (D:8)
  A rime drake (Lair:6)
  7 komodo dragons
  2 freezing wraiths
  A meliai (D:14)
  A merfolk (D:12)
  7 polar bears
  A meliai (shapeshifter) (D:14)
  5 trolls
  A two-headed ogre (D:14)
  Grinder (D:4)
  14 hippogriffs
  13 blink frogs
  7 water elementals
  2 wyverns
  Eustachio (D:5)
  A vampire (D:15)
  4 air elementals
  53 yaks
  A wraith (D:15)
  5 basilisks
  3 fire elementals (Elf:1)
  10 vampire mosquitoes
  Edmund (D:4)
  Menkaure (D:5)
  7 wargs
  2 mottled dragons
  50 nagas
  A large abomination (Abyss:3)
  31 water moccasins
  Duvessa (D:5)
  4 hell hounds (Elf:1)
  A hell hound (shapeshifter) (Elf:2)
  A black bear (Lair:4)
  6 porcupines
  A hornet zombie (D:14)
  6 sky beasts
  24 ogres
  An ice beast (D:13)
  53 orc warriors
  14 wolves
  9 centaurs
  10 crocodiles
  4 big kobolds
  Blork the orc (D:4)
  18 bullfrogs
  A wyvern zombie (D:13)
  3 earth elementals
  Dowan (D:5)
  A wyvern skeleton (D:14)
  4 scorpions
  9 killer bees
  14 wights
  8 electric eels
  4 howler monkeys
  8 crimson imps
  A bullfrog zombie (D:12)
  3 hounds
  6 jellies
  34 orc priests
  5 bullfrog skeletons
  Crazy Yiuf (D:7)
  3 iguanas
  Ijyb (D:2)
  46 orc wizards
  10 worker ants
  A centaur simulacrum (D:8)
  A bullfrog simulacrum (D:8)
  A hound skeleton (D:4)
  24 adders
  A gnoll (D:1)
  2 shadow imps
  3 white imps (D:8)
  An ufetubus (D:8)
  An adder zombie (D:9)
  An adder skeleton (D:9)
  2 worms
  5 dart slugs
  4 leopard geckos
  137 orcs
  4 bats
  A giant cockroach (D:4)
  10 goblins
  3 hobgoblins
  12 jackals
  4 quokkas
  6 ball pythons
  9 frilled lizards
  22 kobolds
  A leopard gecko skeleton (D:9)
  A quokka zombie (D:5)
  6 rats
  2 fungi
1197 creatures vanquished.

Vanquished Creatures (collateral kills)
  A bullfrog skeleton (D:8)
  A giant cockroach (D:8)
2 creatures vanquished.

Vanquished Creatures (others)
  A nagaraja (Snake:4)
  3 hydras
  A naga warrior (Snake:4)
  4 naga sharpshooters
  A dancing weapon (Elf:1)
  7 shock serpents
  2 deep elf knights (Elf:2)
  2 deep trolls (Vaults:1)
  A naga ritualist (Snake:4)
  4 deep elf archers
  2 deep elf magi
  An oklob plant (Lair:5)
  2 meliai (D:14)
  2 blink frogs (Lair:5)
  2 yaks (Lair:1)
  3 electric eels
  2 orc priests
  An orc wizard (D:5)
  2 orcs (Orc:1)
  A goblin (D:2)
  A kobold (D:11)
  6 fungi
  6 plants
57 creatures vanquished.

Grand Total: 1256 creatures vanquished

Notes
Turn   | Place    | Note
-------+----------+-------------------------------------------
     0 | Abyss:1  | Gargoyl the Ghoul Abyssal Knight began the quest for the Orb.
     0 | Abyss:1  | Reached XP level 1. HP: 19/19 MP: 1/1
    22 | Abyss:1  | Found a corrupted altar of Lugonu.
    40 | Abyss:1  | Noticed a large abomination
    61 | Abyss:2  | Found a corrupted altar of Lugonu.
    70 | Abyss:2  | Noticed a large abomination
    86 | Abyss:2  | Noticed a bone dragon
    86 | Abyss:2  | Noticed a smoke demon
    86 | D:1      | Escaped the Abyss
   131 | D:1      | Reached XP level 2. HP: 14/27 MP: 2/2
   132 | D:1      | Reached * piety under Lugonu
   391 | D:1      | Reached XP level 3. HP: 10/33 MP: 3/3
   998 | D:2      | Found a faded altar of an unknown god.
  1112 | D:2      | Reached skill level 1 in Long Blades
  1214 | D:2      | Reached XP level 4. HP: 19/40 MP: 4/4
  1261 | D:2      | Noticed Ijyb
  1265 | D:2      | Reached ** piety under Lugonu
  1275 | D:2      | Killed Ijyb
  2021 | D:3      | Reached XP level 5. HP: 47/47 MP: 6/6
  2251 | D:4      | Found a staircase to the Ecumenical Temple.
  2255 | D:4      | Noticed Grinder
  2258 | D:4      | Paralysed by Grinder for 7 turns
  2278 | D:4      | Killed Grinder
  2278 | D:4      | Reached XP level 6. HP: 48/53 MP: 7/7
  2504 | D:4      | Reached XP level 7. HP: 48/60 MP: 8/8
  2849 | D:4      | Noticed Edmund
  2859 | D:4      | Killed Edmund
  2877 | D:4      | Found Omaoxus's Magic Scroll Emporium.
  2885 | D:4      | Bought a scroll of enchant armour for 97 gold pieces
  2917 | D:5      | Entered Level 5 of the Dungeon
  2917 | D:5      | Noticed Menkaure
  2925 | D:5      | Killed Menkaure
  2954 | D:5      | Noticed Dowan
  2956 | D:5      | Noticed Blork the orc
  3080 | D:4      | Reached skill level 5 in Armour
  3080 | D:4      | Reached XP level 8. HP: 48/67 MP: 10/10
  3174 | D:4      | Killed Blork the orc
  3285 | D:5      | Killed Dowan
  3305 | D:5      | Noticed Eustachio
  3322 | D:5      | Reached *** piety under Lugonu
  3322 | D:5      | Reached skill level 5 in Fighting
  3327 | D:5      | Reached skill level 5 in Long Blades
  3397 | D:5      | Killed Eustachio
  3460 | D:5      | Noticed Duvessa
  3489 | D:5      | Killed Duvessa
  3497 | D:5      | You fall through a shaft for 3 floors!
  3508 | D:8      | Reached skill level 5 in Invocations
  3704 | D:8      | Reached XP level 9. HP: 71/73 MP: 11/11
  4631 | D:5      | Found a faded altar of an unknown god.
  4631 | D:5      | Found a burning altar of Makhleb.
  4637 | D:5      | Found an opulent altar of Gozag.
  4639 | D:5      | Found a faded altar of an unknown god.
  4641 | D:5      | Found a basalt altar of Yredelemnul.
  5253 | D:7      | Reached **** piety under Lugonu
  5386 | D:7      | Found a runed door.
  5792 | D:7      | Noticed Crazy Yiuf
  5795 | D:7      | Killed Crazy Yiuf
  6124 | D:8      | Noticed a centaur warrior
  6139 | D:8      | Killed a centaur warrior
  6139 | D:8      | Reached skill level 1 in Shields
  6139 | D:8      | Reached XP level 10. HP: 60/83 MP: 13/13
  6173 | D:8      | Noticed a kobold demonologist
  6179 | D:8      | Noticed an orange demon
  6185 | D:8      | Killed a kobold demonologist
  6214 | D:8      | Got a transparent amber ring
  6304 | D:8      | Reached ***** piety under Lugonu
  6584 | D:8      | Identified the ring "Hamaxais" {+Blink rF+++ rC+ Str-4} (You found it on level 8 of the Dungeon)
  7061 | D:9      | Found a staircase to the Lair.
  7240 | D:9      | You fall through a shaft for 3 floors!
  7392 | D:12     | Reached XP level 11. HP: 37/91 MP: 15/15
  7521 | D:11     | Found Doluru's Jewellery Boutique.
  7557 | D:10     | Entered Level 10 of the Dungeon
  8424 | D:10     | Noticed a hill giant
  8434 | D:10     | Killed a hill giant
  8772 | Lair:1   | Entered Level 1 of the Lair of Beasts
  8778 | Lair:1   | Noticed a four-headed hydra
  8779 | Lair:1   | Banished a four-headed hydra
  8779 | Lair:1   | Reached skill level 5 in Shields
  8834 | Lair:1   | Noticed Erica
  8842 | Lair:1   | Killed Erica
  8887 | Lair:1   | Reached skill level 10 in Armour
  9420 | Lair:2   | Noticed Gastronok
  9423 | Lair:2   | Got a pitted helmet
  9457 | Lair:1   | Identified the cursed +0 helmet "Belus" {+Fly Str+4 Dex+4} (You found it on level 2 of the Lair of Beasts)
 10132 | Lair:1   | Reached XP level 12. HP: 99/99 MP: 17/17
 10357 | Lair:2   | Killed Gastronok
 10656 | Lair:2   | Got a scorched silver amulet
 10765 | Lair:2   | Found a staircase to the Shoals.
 10822 | Lair:2   | Noticed a six-headed hydra
 10822 | Lair:2   | Banished a six-headed hydra
 10859 | Lair:2   | Identified the amulet "Ycwyid" {-Tele +Rage Int+5} (You found it on level 2 of the Lair of Beasts)
 11633 | Lair:3   | Found a staircase to the Snake Pit.
 12017 | Lair:3   | Reached ****** piety under Lugonu
 12058 | Lair:3   | Noticed a five-headed hydra
 12068 | Lair:3   | Killed a one-headed hydra
 12747 | Lair:4   | Reached skill level 10 in Invocations
 12761 | Lair:4   | Identified a scroll of acquirement
 12762 | Lair:4   | Got a fine hat
 12773 | Lair:4   | Identified the +0 hat of Hysteria {rPois} (You acquired it on level 4 of the Lair of Beasts)
 12797 | Lair:4   | Reached XP level 13. HP: 89/107 MP: 19/19
 13121 | Lair:4   | Got an ancient trident
 13122 | Lair:4   | Identified the +6 trident of Immorality {freeze, rN+ Stlth+} (You found it on level 4 of the Lair of Beasts)
 13852 | Lair:5   | Reached skill level 10 in Long Blades
 14739 | Lair:6   | Entered Level 6 of the Lair of Beasts
 15207 | Lair:6   | Got a smelly scale mail
 15218 | Lair:6   | Identified the +5 scale mail of Unuysad {rC+ rN+ Int-3} (You acquired it on level 6 of the Lair of Beasts)
 15491 | Lair:6   | Reached XP level 14. HP: 74/118 MP: 21/21
 16183 | Lair:6   | Found a staircase to the Slime Pits.
 16428 | Lair:5   | Reached skill level 10 in Shields
 16520 | Lair:6   | Noticed a dire elephant
 16539 | Lair:6   | Killed a dire elephant
 16539 | Lair:6   | Reached skill level 1 in Throwing
 16999 | D:11     | Bought a +4 amulet of reflection for 425 gold pieces
 17577 | D:12     | Found Xicin's Assorted Antiques.
 17601 | D:12     | Bought a transparent shield for 351 gold pieces
 17601 | D:12     | Bought a scroll of enchant armour for 277 gold pieces
 17611 | D:12     | Identified the +5 shield of the Clam {rF+ Regen+} (You bought it in a shop on level 12 of the Dungeon)
 17821 | D:12     | Found a hide-covered altar of Uskayaw.
 18074 | D:12     | Noticed Fannar
 18089 | D:12     | Killed Fannar
 18130 | D:12     | Found a staircase to the Orcish Mines.
 18872 | D:13     | Reached XP level 15. HP: 73/126 MP: 22/22
 19155 | D:13     | Found a gate to the Vaults.
 19178 | D:13     | Reached skill level 10 in Fighting
 19758 | D:14     | Found an iron altar of Okawaru.
 20209 | D:14     | Found a roughly hewn altar of Beogh.
 20476 | D:14     | Got a faintly glowing morningstar
 20477 | D:14     | Identified the +9 morningstar "Bavumafe" {crush, rPois} (You found it on level 14 of the Dungeon)
 20821 | Orc:1    | Entered Level 1 of the Orcish Mines
 20925 | Orc:2    | Entered Level 2 of the Orcish Mines
 20927 | Orc:2    | Noticed an orc warlord
 21070 | Orc:1    | Killed an orc warlord
 21362 | Orc:2    | Noticed Snorg
 21428 | Orc:1    | Killed Snorg
 21562 | Orc:2    | Found a staircase to the Elven Halls.
 21597 | Orc:2    | Paralysed by an orc sorcerer for 7 turns
 22024 | Orc:1    | Paralysed by an orc sorcerer for 5 turns
 22034 | Orc:2    | Paralysed by an orc sorcerer for 3 turns
 22693 | Orc:2    | Noticed an orc warlord
 22807 | Orc:1    | Killed an orc warlord
 23182 | Orc:2    | Reached XP level 16. HP: 121/136 MP: 24/24
 23447 | Orc:2    | Found Vaotaici's General Store.
 23448 | Orc:2    | Found Qinnomom's Book Emporium.
 23449 | Orc:2    | Found Qucef's Antique Armour Emporium.
 23449 | Orc:2    | Found Beifreac's Antique Weapon Shoppe.
 23965 | Elf:1    | Entered Level 1 of the Elven Halls
 24182 | D:15     | Entered Level 15 of the Dungeon
 24792 | Snake:1  | Entered Level 1 of the Snake Pit
 24794 | Snake:1  | Found a runed gate.
 24794 | Snake:1  | Found a runed gate.
 24794 | Snake:1  | Found a runed gate.
 24933 | Snake:1  | Noticed Aziraphale's ghost (journeyman MiFi)
 24987 | Snake:1  | Killed Aziraphale's ghost
 25071 | Snake:1  | Noticed Louise
 25095 | Snake:1  | Killed Louise
 25926 | Snake:2  | Noticed Frances
 25929 | Snake:2  | Noticed Agnes
 25944 | Snake:2  | Killed Frances
 25962 | Snake:2  | Killed Agnes
 26014 | Snake:2  | Noticed Saint Roka
 26137 | Snake:2  | Killed Saint Roka
 26137 | Snake:2  | Reached XP level 17. HP: 53/144 MP: 26/26
 27134 | Snake:3  | Noticed Vashnia
 27150 | Snake:3  | Killed Vashnia
 27238 | Snake:3  | Found Cieroladd's Antique Weapon Shop.
 28089 | Snake:3  | Noticed Roxanne
 28142 | Snake:3  | Killed Roxanne
 28665 | Snake:4  | Entered Level 4 of the Snake Pit
 29208 | Snake:4  | Found Ditsixoj's Jewellery Shoppe.
 29755 | Snake:4  | Reached XP level 18. HP: 145/154 MP: 28/28
 30389 | Snake:4  | Reached skill level 15 in Invocations
 31131 | Snake:4  | Reached skill level 15 in Shields
 31629 | Snake:4  | Got a serpentine rune of Zot
 31935 | Vaults:1 | Entered Level 1 of the Vaults
 32529 | Elf:1    | Noticed Azrael
 32541 | Elf:1    | Killed Azrael
 32761 | Elf:1    | Reached XP level 19. HP: 66/162 MP: 29/29
 33712 | Elf:2    | Found a runed door.
 33739 | Elf:2    | Reached skill level 15 in Armour
 34158 | Elf:2    | Found a runed gate.
 34158 | Elf:2    | Found a runed gate.
 34167 | Elf:2    | Found a runed gate.
 35751 | Elf:3    | Entered Level 3 of the Elven Halls
 36194 | Elf:3    | Cast into level 3 of the Abyss (a deep elf demonologist)
 36263 | Elf:3    | Escaped the Abyss
 36311 | Elf:3    | HP: 8/164 [deep elf blademaster/rapier (10)]
 36313 | Elf:3    | Slain by an earth elemental

Skill      XL: |  1  2  3  4  5  6  7  8  9 10 11 12 13 14 15 16 17 18 19 |
---------------+----------------------------------------------------------+-----
Fighting       | 4 5 6 7 8 9 10 11 12 13 | 13.4
Armour         | 2 3 5 6 8 9 10 11 12 13 14 15 | 15.3
Long Blades    | 1 2 3 4 5 7 8 9 10 11 12 13 14 | 14.5
Invocations    | 3 4 5 6 7 8 10 11 12 13 14 15 16 | 16.1
Shields        | 1 3 6 7 9 11 12 13 14 15 16 | 16.2
Throwing       | 1 |  1.1
Axes           | |  1.7
Maces & Flails | |  0.1
Dodging        | |  0.8
Evocations     | |  0.1

Action                   |  1- 3 |  4- 6 |  7- 9 | 10-12 | 13-15 | 16-18 | 19-21 || total
-------------------------+-------+-------+-------+-------+-------+-------+-------++-------
Melee: Long sword        |    85 |    99 |   374 |   764 |  1839 |  1993 |   682 ||  5836
       War axe           |       |       |       |    22 |       |       |       ||    22
       Flail             |       |       |       |    15 |       |       |       ||    15
       Broad axe         |       |       |       |    48 |    25 |       |       ||    73
       Scimitar          |       |       |       |     8 |    26 |       |       ||    34
Throw: Tomahawk          |       |       |       |     9 |    13 |       |       ||    22
       Javelin           |       |       |       |       |     4 |       |     4 ||     8
Invok: Depart the Abyss  |     1 |       |       |       |       |       |     1 ||     2
       Banish            |       |       |       |     6 |     7 |    13 |     4 ||    30
       Bend Space        |       |       |       |       |     4 |     7 |     2 ||    13
Evoke: Wand              |       |       |       |     1 |       |     3 |     5 ||     9
  Use: Scroll            |     1 |     1 |    15 |    19 |    16 |    13 |     2 ||    67
       Potion            |       |       |     1 |    17 |     5 |     2 |     5 ||    30
 Stab: Invisible         |       |       |       |     1 |       |       |       ||     1
       Petrified         |       |       |       |       |     7 |       |       ||     7
  Eat: Chunk             |    20 |    19 |    51 |   153 |   240 |   280 |    40 ||   803
       Pizza             |       |       |       |     1 |       |       |       ||     1
       Meat ration       |       |       |       |       |     1 |       |       ||     1
Armor: Leather armour    |    20 |       |       |       |       |       |       ||    20
       Ring mail         |    15 |    21 |       |       |       |       |       ||    36
       Plate armour      |       |    40 |   407 |   744 |   231 |       |       ||  1422
       Scale mail        |       |       |       |       |   691 |   639 |   149 ||  1479
Dodge: Dodged            |    77 |    48 |   125 |   114 |   433 |   433 |    81 ||  1311
Block: Large shield      |       |       |    41 |  1105 |   841 |       |       ||  1987
       Shield            |       |       |       |       |  1106 |  2482 |   539 ||  4127
       Reflection        |       |       |       |       |       |   205 |    50 ||   255
       Rpst.: Long sword |    24 |    18 |    36 |    25 |   103 |    86 |    15 ||   307
       Scimitar          |       |       |       |       |     2 |       |       ||     2
